 Dungeon Crawl Stone Soup version 0.27.0-1-g7a089689b8 (webtiles) character file.

Game seed: 7060559637334743618

105 EnegeticOcto the Shield-Bearer (level 4, -2/40 HPs)
             Began as a Minotaur Fighter on Aug 8, 2021.
             Was a Believer of Makhleb.
             Slain by an orc wizard (3 damage)
             ... on level 4 of the Dungeon.
             The game lasted 00:01:04 (2991 turns).

EnegeticOcto the Shield-Bearer (Minotaur Fighter)   Turns: 2991, Time: 00:01:04

Health: -2/40      AC:  7    Str: 22    XL:     4   Next: 54%
Magic:  3/3        EV:  7    Int:  5    God:    Makhleb [**....]
Gold:   132        SH:  9    Dex:  9    Spells: 3/3 levels left

rFire    . . .     SeeInvis .   a - +0 war axe
rCold    . . .     Faith    .   c - +0 kite shield
rNeg     . . .     Spirit   .   b - +0 scale mail
rPois    .         Reflect  .   (helmet restricted)
rElec    .         Harm     .   (no cloak)
rCorr    .         Rampage  .   (no gloves)
Will     .....                  (no boots)
Stlth    ..........             (no amulet)
HPRegen  0.13/turn              (no ring)
MPRegen  0.08/turn              (no ring)

@: no status effects
A: horns 2, retaliatory headbutt
a: Renounce Religion, Minor Destruction


You were on level 4 of the Dungeon.
You worshipped Makhleb.
Makhleb was pleased with you.
You visited 1 branch of the dungeon, and saw 4 of its levels.

You collected 132 gold pieces.

Inventory:

Hand Weapons
 a - a +0 war axe (weapon)
Armour
 b - a +0 scale mail (worn)
 c - a +0 kite shield (worn)
Jewellery
 g - an amulet of guardian spirit
 r - a ring of fire
Scrolls
 h - a scroll of fog {unknown}
 i - 2 scrolls of identify {unknown}
 j - a scroll of amnesia {unknown}
 k - a scroll of silence {unknown}
 l - 2 scrolls of teleportation {unknown}
 o - a scroll of enchant weapon {unknown}
 p - a scroll of acquirement {unknown}
 q - a scroll of vulnerability {unknown}
Potions
 d - 2 potions of might {@q3}
 e - a potion of resistance {unknown}
 f - 2 potions of curing {unknown}
 m - a potion of degeneration {unknown}
 n - a potion of flight {unknown}


   Skills:
 + Level 4.2 Fighting
 * Level 4.0 Axes
 + Level 4.3 Armour
 + Level 4.4 Shields
 + Level 0.5 Invocations


You had 3 spell levels left.
You didn't know any spells.
Your spell library was empty.

Dungeon Overview and Level Annotations

Branches:
Dungeon (4/15)             Temple (0/1) D:4

Altars:
Makhleb


Innate Abilities, Weirdness & Mutations

You have a pair of horns on your head.
You reflexively headbutt those who attack you in melee.


Message History

The ball python constricts you.
You barely miss the ball python.
The ball python is heavily wounded.
The ball python bites you but does no damage.
The ball python constricts you. You block the ball python's attack.
The ball python constricts you.
You barely miss the ball python.
The ball python is heavily wounded.
You block the ball python's attack. The ball python constricts you.
You block the ball python's attack. The ball python constricts you.
You hit the ball python.
You kill the ball python!
Makhleb accepts your kill.
You feel better.
No target in view!
An orc wizard comes into view. It is wielding a +0 dagger.
The orc wizard shouts!
The orc wizard casts a spell at you. You block the puff of flame.
An orc comes into view. It is wielding a +0 mace.
There are monsters nearby!
There are monsters nearby!
There are monsters nearby!
There are monsters nearby!
There are monsters nearby!
There are monsters nearby!
An orc and an orc priest come into view.
The orc shouts!
The orc priest shouts!
The orc priest casts a cantrip, but nothing happens.
You slash the orc!
You kill the orc!
Makhleb accepts your kill.
You barely miss the orc. You headbutt the orc, but do no damage.
The orc priest casts a cantrip, but nothing happens.
The orc barely misses you.
You miss the orc wizard. You barely miss the orc.
The orc wizard hits you with a +0 dagger.
The orc hits you but does no damage. The orc wizard casts a spell at you.
The magic dart hits you.
The orc priest invokes the aid of Beogh against you.
Beogh smites you!
Your shield and scale mail prevent you from hitting the orc wizard.
You headbutt the orc wizard!
The orc wizard is moderately wounded.
You hit the orc but do no damage.
The orc wizard hits you but does no damage.
The orc hits you but does no damage.
You hit the orc wizard. Your headbutt misses the orc wizard.
The orc wizard is heavily wounded.
You barely miss the orc. You barely miss the orc priest.
The orc wizard barely misses you. You block the orc's attack.
The orc priest hits you but does no damage.
You block the orc wizard's attack. You block the orc's attack.
The orc priest hits you with a +0 club.
You closely miss the orc wizard.
The orc wizard is heavily wounded.
You closely miss the orc priest. You completely miss the orc.
The orc wizard barely misses you. You block the orc's attack.
The orc priest hits you with a +0 club.
You hit the orc wizard. You headbutt the orc wizard.
The orc wizard is almost dead.
You slash the orc!
You kill the orc!
Makhleb accepts your kill.
You can now harness Makhleb's destructive might.
Your shield and scale mail prevent you from hitting the orc priest.
The orc wizard hits you but does no damage.
You block the orc priest's attack.
The orc wizard hits you with a +0 dagger.
The orc priest closely misses you. You furiously retaliate!
You headbutt the orc priest!
You are too injured to fight recklessly!
You are too injured to fight recklessly!
You are too injured to fight recklessly!
You are too injured to fight recklessly!
You are too injured to fight recklessly!
You are too injured to fight recklessly!
You are too injured to fight recklessly!
You are too injured to fight recklessly!
You are too injured to fight recklessly!
You are too injured to fight recklessly!
You are too injured to fight recklessly!
You are too injured to fight recklessly!
You closely miss the orc priest.
The orc priest is almost dead.
You hit the orc wizard but do no damage.
The orc wizard gestures at you while chanting.
The magic dart hits you.
The orc priest calls down the wrath of Beogh upon you.
Beogh smites you!
* * * LOW HITPOINT WARNING * * *
You barely miss the orc priest.
The orc priest is almost dead.
You hit the orc wizard but do no damage.
The orc wizard mumbles some strange words.
The orc wizard flickers and vanishes!
Deactivating autopickup; reactivate with Ctrl-A.
You block the orc priest's attack. Something hits you.
You die...

.. ..# ### ##.### #..
#.>..# #.#### #..#.#
#.#.. #.###..#.#
#.#.#####.#
#........###.#.){....##
######..........@o.....#
....###.#####.########.#
###.# #.......# #.#
#........ #.# #[########
###.###.# #.......#
#########


You could see an orc priest.

Vanquished Creatures
  Robin (D:4)
  2 worms
  4 dart slugs
  3 orcs (D:4)
  4 ball pythons
  5 bats (D:2)
  5 endoplasms
  15 goblins
  5 hobgoblins
  4 jackals (D:1)
  5 quokkas
  4 frilled lizards
  7 kobolds
  A quokka skeleton (D:4)
  5 rats
70 creatures vanquished.

Notes
Turn   | Place    | Note
-------+----------+-------------------------------------------
     0 | D:1      | EnegeticOcto the Minotaur Fighter began the quest for the
                  | Orb.
     0 | D:1      | Reached XP level 1. HP: 19/19 MP: 0/0
    81 | D:1      | Reached XP level 2. HP: 23/27 MP: 1/1
   649 | D:1      | Reached XP level 3. HP: 32/33 MP: 2/2
  1333 | D:2      | Found a faded altar of an unknown god.
  1392 | D:2      | Became a worshipper of Makhleb the Destroyer
  1392 | D:2      | Reached * piety under Makhleb
  1866 | D:3      | Reached XP level 4. HP: 35/40 MP: 3/3
  2259 | D:4      | Noticed Robin
  2264 | D:4      | Killed Robin
  2269 | D:4      | Reached ** piety under Makhleb
  2557 | D:4      | Found a staircase to the Ecumenical Temple.
  2990 | D:4      | HP: 1/40 [orc priest/divine providence (12)]
  2991 | D:4      | Slain by an orc wizard

Illustrated notes

Levels and vault maps discovered:
D:1:      onia_arrival_mini_spirals, layout_basic
D:2:      layout_loops_corners, dreamdust_ecumenical_altar_angels_and_demons,
          minmay_misc_feat_x
D:3:      layout_loops_ring
D:4:      layout_basic, minmay_temple_entry_glassed_door, minmay_misc_feat_iff,
          uniq_robin

Skill      XL: |  1  2  3  4 |
---------------+-------------+-----
Axes           | 3 4 |  4.0
Fighting       | 4 |  4.2
Shields        | 4 |  4.4
Armour         | 4 |  4.3
Invocations    | |  0.5

Action                   |  1- 3 |  4- 6 || total
-------------------------+-------+-------++-------
Melee: War axe           |   107 |    41 ||   148
       Headbutt          |    11 |     9 ||    20
Armor: Scale mail        |    50 |    18 ||    68
Dodge: Dodged            |    29 |    10 ||    39
Block: Kite shield       |    56 |    21 ||    77
